 Dungeon Sprint DCSS version 0.30-a0-830-gfe289a77b0 (webtiles) character file.

Game seed: 10926959427449931626

548 dialectric the Protected (level 7, -1/50 HPs)
             Began as a Gargoyle Fighter on Feb 28, 2023.
             Slain by a flying skull (8 damage)
             ... in the Dungeon (Sprint II: "The Violet Keep of Menkaure").
             The game lasted 00:01:14 (149 turns).

dialectric the Protected (Gargoyle Fighter)          Turns: 149, Time: 00:01:15

Health: -1/50      AC: 10    Str: 19    XL:     7   Next: 28%
Magic:  6/6        EV: 10    Int:  9    God:
Gold:   486        SH:  0    Dex: 11    Spells: 6/6 levels left

rFire   . . .      SeeInvis .    a - +0 flail
rCold   . . .      Faith    .    (no shield)
rNeg    + . .      Spirit   .    b - +0 scale mail
rPois   ∞          Reflect  .    (no helmet)
rElec   +          Harm     .    (no cloak)
rCorr   .          Rampage  .    (no gloves)
Will    .....      NoTele   +    (no boots) Stlth
                                 (no amulet)
HPRegen 0.28/turn                (no ring)
MPRegen 0.10/turn                (no ring)

@: no status effects
A: sickness immunity, AC +4, negative energy resistance 1, electricity
resistance, torment resistance 1, petrification resistance, deformed body, low
MP 1
a: no special abilities


You were in the Dungeon.
You visited 1 branch You collected 486 gold pieces.

Inventory:

Hand Weapons
 a - a +0 flail (weapon)
Armour
 b - a +0 scale mail (worn)
 c - a +0 buckler
Scrolls
 j - a scroll of blinking
Potions
 h - 2 potions of magic


   Skills:
 + Level 8.6 Fighting
 * Level 7.7 Maces & Flails
 * Level 11.0 Armour
 - Level 1.0 Dodging
 - Level 6.7 Shields


You had 6 spell levels left.
You didn't know any spells.
Your spell library was empty.

Dungeon Overview and Level Annotations

Branches:
Dungeon (1/1)

Altars:

Shops:
D :=([*!=!:((?[:*

Annotations:
D exclusion: oklob plant


Innate Abilities, Weirdness & Mutations

You are immune to sickness and miasma.
Your stone body is resilient. (AC +4)
You are immune to poison.
You resist negative energy. (rN+)
You are resistant to electric shocks. (rElec)
You are resistant to unholy torment.
You are immune to petrification.
Armour fits poorly on your strangely shaped body.
Your magical capacity is low. (-10% MP)


Message History

You barely miss the water moccasin.
The water moccasin is almost dead.
The water moccasin bites you but does no damage.
You hit the water moccasin.
You kill the water moccasin!
Your Armour skill increases to level 11!
You see here a water moccasin corpse.
You see here a water moccasin corpse.
There is an entrance to Boerurch's Jewellery Shoppe here.
A flying skull comes into view.
The flying skull gives a hideous shriek!
You see here a water moccasin corpse.
There's a creature in the doorway!
You miss the flying skull. The flying skull barely misses you.
The flying skull hits you but does no damage.
You barely miss the flying skull. The flying skull hits you.
* * * LOW HITPOINT WARNING * * *
You miss the flying skull. The flying skull barely misses you.
The flying skull hits you.
* * * LOW HITPOINT WARNING * * *
You closely miss the flying skull. The flying skull misses you.
You closely miss the flying skull. The flying skull misses you.
The flying skull closely misses you.
Sorry, you're not good enough to have a special ability.
Sorry, you're not good enough to have a special ability.
Okay, then.
You closely miss the flying skull.
The flying skull hits you but does no damage.
You barely miss the flying skull.
The flying skull hits you but does no damage. x2
You miss the flying skull.
The flying skull hits you but does no damage.
You sock the flying skull!
The flying skull is severely damaged.
The flying skull barely misses you.
The flying skull hits you but does no damage.
You miss the flying skull.
The flying skull is severely damaged.
The flying skull hits you!
You die...

~##.○
############~~#''
###########~~~...
##.....∩.∩#~~~~.#
##....∩.∩.#~~~~##
##...∩.∩..#~~~~#.#
##..∩.∩†..#~~## .##
##.⌠......#~##.# #+#
##..∩.∩..@#~###.##.##
##...∩.∩..z~'.##†.<.+
##....∩.∩.#~#...##.##
#▓▓▓▓▓▓▓###~##.###†##
##$FD######~~####.#.##
#/[F# ##~~ #..#..#
#∩P$+ +#~###.### (. ~~
#+# ~~


You could see an ice dragon, an oklob plant, 2 cane toads and a flying skull.

Vanquished Creatures
  2 neqoxecs (D)
  A water moccasin (D)
  4 scorpions (D)
  3 worms (D)
10 creatures vanquished.

Vanquished Creatures (others)
  Menkaure (D)
  A water moccasin (D)
2 creatures vanquished.

Grand Total: 12 creatures vanquished

Notes
Turn   | Place    | Note
-------+----------+-------------------------------------------
     0 | D        | dialectric the Gargoyle Fighter began the quest for the
                  | Orb.
     0 | D        | Reached XP level 1. HP: 14/14 MP: 1/1
    16 | D        | Reached skill level 1 in Dodging
    16 | D        | Reached XP level 2. HP: 12/20 MP: 2/2
    20 | D        | Reached skill level 4 in Armour
    30 | D        | Noticed a neqoxec
    30 | D        | Noticed a neqoxec
    38 | D        | Killed a neqoxec
    39 | D        | Reached skill level 7 in Armour
    39 | D        | Reached skill level 5 in Shields
    39 | D        | Reached XP level 3. HP: 7/27 MP: 3/3
    39 | D        | Reached XP level 4. HP: 9/32 MP: 4/4
    39 | D        | Reached XP level 5. HP: 10/36 MP: 5/5
    41 | D        | Gained mutation: Your magical capacity is low. (-10% MP) [a
                  | neqoxec]
    43 | D        | Gained mutation: Armour fits poorly on your strangely
                  | shaped body. [a neqoxec]
    47 | D        | Killed a neqoxec
    48 | D        | Reached skill level 5 in Maces & Flails
    48 | D        | Reached skill level 9 in Armour
    48 | D        | Reached XP level 6. HP: 5/44 MP: 5/5
    61 | D        | Killed Menkaure
    77 | D        | HP: 2/44 [scorpion (5)]
    86 | D        | Reached skill level 10 in Armour
    87 | D        | HP: 2/44 [scorpion (3)]
    93 | D        | Reached XP level 7. HP: 2/49 MP: 6/6
    95 | D        | HP: 2/49 [scorpion (1)]
   111 | D        | Found Duato's Book Emporium.
   111 | D        | Found Vytug's Book Shoppe.
   111 | D        | Found Imogo's Distillery.
   111 | D        | Found Boerurch's Jewellery Shoppe.
   111 | D        | Found Fopp's Antique Weapon Shoppe.
   111 | D        | Found Ciafotsu's Distillery.
   112 | D        | Found Pesaorill's Antique Armour Emporium.
   112 | D        | Found Nyamedua's Antique Armour Shoppe.
   112 | D        | Found Isko's General Store.
   112 | D        | Found Oquxzui's Antique Weapon Emporium.
   113 | D        | Found Ferutus's Antique Weapon Shoppe.
   113 | D        | Found Qany's Jewellery Emporium.
   114 | D        | Found Doleatt's Magic Scroll Shoppe.
   114 | D        | Found Fiysso's General Store.
   115 | D        | Noticed an ice dragon
   115 | D        | Noticed an oklob plant
   116 | D        | Found Zemmish's Book Shoppe.
   116 | D        | Noticed a cane toad
   116 | D        | Noticed a cane toad
   126 | D        | Reached skill level 11 in Armour
   135 | D        | Noticed a flying skull
   149 | D        | Slain by a flying skull

Illustrated notes

Levels and vault maps discovered:
D:        the_violet_keep_of_menkaure [sprint2_stairs_cluster_1,
          sprint2_shoproom, sprint2_temple, sprint2_basic_supplies,
          sprint2_obstacle_5, sprint2_obstacle_4, sprint2_obstacle_1,
          sprint2_obstacle_6, sprint2_obstacle_3, sprint2_timed_cluster_1,
          sprint2_smallroom_cluster_1, sprint2_smallroom_final_cluster_1,
          sprint2_transparent_cluster_1, sprint2_second_timed_cluster_1,
          sprint2_sniper_area_1, sprint2_heavy_combat_area_1,
          sprint2_mutation_trap_area_1, sprint2_forest_area_1,
          sprint2_light_combat_area_1, sprint2_behind_water_1,
          sprint2_near_end_vault_1]

Skill      XL: |  1  2  3  4  5  6  7 |
---------------+----------------------+-----
Dodging        | 1 |  1.0
Armour         | 7 9 10 11 | 11.0
Fighting       | 6 7 8 |  8.6
Maces & Flails | 4 5 7 |  7.7
Shields        | 5 6 |  6.7

Action                     |  1- 3 |  4- 6 |  7- 9 || total
---------------------------+-------+-------+-------++-------
  Melee: Flail             |    14 |    29 |    20 ||    63
    Use: Potion            |     4 |     1 |       ||     5
 Armour: Scale mail        |     1 |    11 |     8 ||    20
  Dodge: Dodged            |     2 |     7 |    11 ||    20

Table legend: (Time is in decaauts)
 A = Elapsed time spent in this place.
 B = Non-inter-level travel time spent in this place.
 C = Inter-level travel time spent in this place.
 D = Time resting spent in this place.
 E = Time spent auto-exploring this place.
 F = Levels seen in this place.
 G = Mean time per level.
                   A        B        C        D        E       F      G
               +--------+--------+--------+--------+--------+-----+--------+
         Total |    150 |    150 |      0 |     20 |      5 |   1 |  150.0 |
       Dungeon |    150 |    150 |      0 |     20 |      5 |   1 |  150.0 |
               +--------+--------+--------+--------+--------+-----+--------+

Top non-repeatable levels by time:
       D: 150 daAuts
